 Dungeon Crawl Stone Soup version 0.29-a0-1027-gcd8c55af63 (webtiles) character file.

Game seed: 13081378178614124030

1270 Zonian the Grave Robber (level 8, -14/52 HPs)
             Began as a Demonspawn Necromancer on Aug 13, 2022.
             Killed from afar by a steam dragon (22 damage)
             ... with a ball of steam
             ... on level 6 of the Dungeon.
             The game lasted 00:19:13 (8114 turns).

Zonian the Grave Robber (Demonspawn Necromancer)    Turns: 8114, Time: 00:19:14

Health: -14/52     AC:  5    Str:  9    XL:     8   Next: 28%
Magic:  0/15       EV: 17    Int: 19    God:
Gold:   316        SH:  0    Dex: 13    Spells: 8/16 levels left

rFire   . . .      SeeInvis .   u - +2 short sword (elec)
rCold   + . .      Faith    .   (no shield)
rNeg    . . .      Spirit   .   E - +2 robe {rF+}
rPois   .          Reflect  .   (no helmet)
rElec   .          Harm     .   (no cloak)
rCorr   .          Rampage  .   q - +0 pair of gloves
Will    .....                   (no boots)
Stlth   +++.......              (no amulet)
HPRegen 0.17/turn               h - ring of ice
MPRegen 0.14/turn               D - +4 ring of evasion

@: animating dead, invisible
A: claws 1, foul stench 2, powered by death 1
a: no special abilities


You were on level 6 of the Dungeon.
You visited 1 branch of the dungeon, and saw 6 of its levels.

You collected 316 gold pieces.

Inventory:

Hand Weapons
 f - a +1 dagger
 g - a +0 sling
 u - a +2 short sword of electrocution (weapon)
 v - a +0 rapier
 y - a +2 flail of protection
Missiles
 w - 5 poisoned darts
Armour
 a - a +0 robe
 p - a +0 buckler
 q - a +0 pair of gloves (worn)
 z - a +1 scale mail of cold resistance
 B - a +2 kite shield of protection
 C - a +0 pair of gloves
 E - a +2 robe of fire resistance (worn)
Jewellery
 h - a ring of ice (left hand)
 D - a +4 ring of evasion (right hand)
Wands
 j - a wand of quicksilver (11)
Scrolls
 m - 3 scrolls of teleportation
 o - a scroll of fear
 r - a scroll of immolation
 A - a scroll of blinking {unknown}
Potions
 b - a potion of magic
 c - 5 potions of attraction
 d - 3 potions of might
 e - 5 potions of haste
 i - 4 potions of lignification
 k - 2 potions of resistance
 l - a potion of curing {unknown}
 n - a potion of brilliance {unknown}
 s - a potion of degeneration {unknown}
 t - a potion of mutation {unknown}
 x - a potion of invisibility


   Skills:
 + Level 4.8 Dodging
 + Level 5.2 Stealth
 + Level 4.9 Spellcasting
 + Level 7.1 Necromancy


You had 8 spell levels left.
You knew the following spells:

 Your Spells              Type           Power      Damage    Failure   Level
a - Necrotise             Necr           100%       1d9       1%          1
b - Vampiric Draining     Necr           31%        2d8       1%          3
c - Animate Dead          Necr           31%        N/A       7%          4

Your spell library contained the following spells:

 Spells                   Type           Power      Damage    Failure   Level
 Agony                    Necr           31%        N/A       19%         5


Dungeon Overview and Level Annotations

Branches:
Dungeon (6/15)
 Temple: D:4-7

Altars:

Annotations:
D:3 Grinder
D:5 Sigmund


Innate Abilities, Weirdness & Mutations

You have sharp fingernails.
You sometimes emit foul miasma when damaged in melee.
You regenerate a little health from kills.


Message History

The steam dragon writhes in agony!
You are engulfed in a cloud of scalding steam.
The steam dragon barely misses you. The steam dragon closely misses you.
The steam dragon writhes in agony.
The steam dragon misses you. The steam dragon claws you.
Unknown command.
The steam dragon writhes in agony.
The steam dragon bites you but does no damage.
The steam dragon claws you but does no damage.
The steam dragon writhes in agony.
The steam dragon misses you. The steam dragon closely misses you.
Unknown command.
You barely miss the steam dragon.
The steam dragon is severely wounded.
The steam dragon breathes steam at you. The ball of steam hits you!
You hit the steam dragon but do no damage.
The steam dragon is severely wounded.
You are engulfed in a cloud of scalding steam.
* * * LOW HITPOINT WARNING * * *
The steam dragon misses you. The steam dragon claws you.
* * * LOW HITPOINT WARNING * * *
Unknown command.
Casting: Necrotise (safe; 1% risk of failure)
Confirm with . or Enter, or press ? or * to list all spells.
You call upon the dead to rise.
You are engulfed in a cloud of scalding steam.
The steam dragon barely misses you.
The steam dragon claws you but does no damage.
Casting: Animate Dead (dangerous; 7% risk of failure)
Confirm with . or Enter, or press ? or * to list all spells.
You call upon the dead to rise.
The steam dragon closely misses you. The steam dragon barely misses you.
Casting: Animate Dead (dangerous; 7% risk of failure)
Confirm with . or Enter, or press ? or * to list all spells.
Okay, then.
You fade into invisibility!
The steam dragon breathes steam at you. The ball of steam hits you!!
You die...

#############...............<.##
# #######............##
**#######* ####..........#
***,..>....### ##...........
**,,,.........# #............
**,,,,.........###......<.....
**,,,,,......§..##.............
*,,.,,,............##......(...
**,..,,,......D@..§..#####.....#
*,...,,,.........##..# #######
##....,,,......#####..#
......,,,..####* ##.#
......***#** *.#****** ......*
*..,,,,,*** .....#* *******
**...,,,,,,* .....#*****,,,,,*
*,,,,,,,,,,** .....#*,,,,,,,,,*
*,,,,,,,,,,,**


You could see a steam dragon (unable to see you, catching breath).

Vanquished Creatures
  Edmund (D:5)
  2 water moccasins (D:6)
  A black bear (D:4)
  An orc warrior (D:4)
  A phantom (D:5)
  Blork the orc (D:5)
  2 scorpions
  3 wights (D:6)
  A hound (D:6)
  An orc priest (D:4)
  3 iguanas
  Natasha (thrice) (D:3)
  6 adders
  4 orcs
  8 endoplasms
  13 giant cockroaches
  3 goblins
  5 hobgoblins
  8 jackals
  5 quokkas
  7 ball pythons
  6 bats
  4 frilled lizards
  10 kobolds
  7 rats
106 creatures vanquished.

Vanquished Creatures (collateral kills)
  A ball python (D:3)
  2 frilled lizards
  2 goblins
  A kobold (D:1)
  2 rats
8 creatures vanquished.

Vanquished Creatures (others)
  A butterfly (D:4)
1 creature vanquished.

Grand Total: 115 creatures vanquished

Notes
Turn   | Place    | Note
-------+----------+-------------------------------------------
     0 | D:1      | Zonian the Demonspawn Necromancer began the quest for the
                  | Orb.
     0 | D:1      | Reached XP level 1. HP: 13/13 MP: 3/3
   390 | D:1      | You fall into a shaft and drop 1 floor!
   417 | D:2      | Gained mutation: You may rarely emit foul miasma when
                  | damaged in melee. [demonic ancestry]
   417 | D:2      | Reached XP level 2. HP: 19/19 MP: 3/5
  1338 | D:1      | Reached XP level 3. HP: 24/24 MP: 4/6
  1457 | D:1      | Found a faded altar of an unknown god.
  2035 | D:2      | Noticed a scorpion
  2051 | D:2      | Killed a scorpion
  2052 | D:2      | Reached skill level 5 in Necromancy
  2052 | D:2      | Gained mutation: You sometimes emit foul miasma when
                  | damaged in melee. [demonic ancestry]
  2052 | D:2      | Reached XP level 4. HP: 29/30 MP: 1/8
  2056 | D:2      | Learned a level 3 spell: Vampiric Draining
  2885 | D:3      | Gained mutation: You have sharp fingernails. [demonic
                  | ancestry]
  2885 | D:3      | Reached XP level 5. HP: 35/35 MP: 5/9
  2914 | D:3      | Noticed Natasha
  2921 | D:3      | Killed Natasha
  3089 | D:3      | Noticed Grinder
  3913 | D:3      | Noticed Natasha
  3922 | D:3      | Killed Natasha
  4388 | D:3      | Noticed Natasha
  4427 | D:3      | Killed Natasha
  5091 | D:4      | Reached XP level 6. HP: 37/41 MP: 7/10
  5220 | D:4      | Noticed an orc warrior
  5599 | D:4      | Killed an orc warrior
  5856 | D:4      | Reached skill level 6 in Necromancy
  6094 | D:5      | Entered Level 5 of the Dungeon
  6094 | D:5      | Noticed Edmund
  6176 | D:5      | Learned a level 4 spell: Animate Dead
  6194 | D:5      | Noticed Blork the orc
  6200 | D:5      | Killed Blork the orc
  6201 | D:5      | Reached XP level 7. HP: 38/46 MP: 8/12
  6295 | D:5      | Noticed Sigmund
  6876 | D:5      | Killed Edmund
  7489 | D:6      | Gained mutation: You regenerate a little health from kills.
                  | [demonic ancestry]
  7489 | D:6      | Reached XP level 8. HP: 40/52 MP: 7/14
  7690 | D:6      | Reached skill level 5 in Stealth
  7960 | D:6      | Reached skill level 7 in Necromancy
  8114 | D:6      | Killed from afar by a steam dragon

Illustrated notes

Levels and vault maps discovered:
D:1:      lightli_arrival_windingriver, layout_basic,
          ebering_ecumenical_altar_petrified, chequers_serial_rivers_small_b
D:2:      layout_rooms
D:3:      minmay_roachtagon, layout_basic, uniq_grinder, uniq_natasha
D:4:      layout_loops_ring, nicolae_elyvilon_peaceful_grove
D:5:      layout_loops_ring, nicolae_elevator_lobby_asterisk, uniq_edmund,
          uniq_sigmund, uniq_blork_the_orc
D:6:      layout_cave_pods

Skill      XL: |  1  2  3  4  5  6  7  8 |
---------------+-------------------------+-----
Stealth        | 2 3 4 5 |  5.2
Dodging        | 2 3 4 |  4.8
Necromancy     | 5 6 7 |  7.1
Spellcasting   | 3 4 |  4.9

Action                   |  1- 3 |  4- 6 |  7- 9 || total
-------------------------+-------+-------+-------++-------
Melee: Dagger            |     9 |   109 |       ||   118
       Punch             |       |     1 |       ||     1
       Short sword       |       |       |    26 ||    26
 Fire: Sling             |       |       |     3 ||     3
Throw: Dart              |       |       |     2 ||     2
 Cast: Necrotise         |    58 |    77 |    46 ||   181
       Vampiric Draining |       |       |     1 ||     1
       Animate Dead      |       |       |     2 ||     2
Evoke: Wand              |       |     4 |       ||     4
  Use: Scroll            |       |    10 |     3 ||    13
       Potion            |       |     1 |     1 ||     2
 Stab: Sleeping          |     2 |     2 |       ||     4
Armor: Robe              |     3 |    32 |     8 ||    43
Dodge: Dodged            |    18 |   108 |    38 ||   164

Table legend: (Time is in decaauts)
 A = Elapsed time spent in this place.
 B = Non-inter-level travel time spent in this place.
 C = Inter-level travel time spent in this place.
 D = Time resting spent in this place.
 E = Time spent auto-exploring this place.
 F = Levels seen in this place.
 G = Mean time per level.
                   A        B        C        D        E       F      G
               +--------+--------+--------+--------+--------+-----+--------+
         Total |   8132 |   7970 |    162 |   3010 |   3156 |   6 | 1355.3 |
       Dungeon |   8132 |   7970 |    162 |   3010 |   3156 |   6 | 1355.3 |
               +--------+--------+--------+--------+--------+-----+--------+

Top non-repeatable levels by time:
     D:1: 1798 daAuts
     D:3: 1772 daAuts
     D:2: 1469 daAuts
     D:5: 1172 daAuts
     D:4: 1093 daAuts
     D:6: 826 daAuts
